 Dungeon Crawl Stone Soup version 0.25-a0-589-g1e14c54 (webtiles) character file.

Game seed: 9509864100573647656, levelgen mode: deterministic

130 Faels the Cutter (level 4, -1/33 HPs)
             Began as a Demonspawn Assassin on Mar 10, 2020.
             Killed by nerve-wracking pain
             ... invoked by Grinder
              (6 damage)
             ... on level 2 of the Dungeon.
             The game lasted 00:07:17 (3129 turns).

Faels the Cutter (Demonspawn Assassin)              Turns: 3129, Time: 00:07:18

Health: -1/33      AC:  5    Str: 12    XL:     4   Next: 89%
Magic:  4/4        EV: 10    Int: 12    God:
Gold:   76         SH:  3    Dex: 15    Spells: 3/3 levels left

rFire    . . .     SeeInvis .   a - +2 dagger
rCold    . . .     Gourm    .   (no shield)
rNeg     . . .     Faith    .   n - +0 ring mail
rPois    .         Spirit   .   (no helmet)
rElec    .         Reflect  +   j - scarf {cloud immunity}
rCorr    .         Harm     .   (no gloves)
MR       .....                  (no boots)
Stlth    ++........             s - +3 amulet of reflection
HPRegen  0.11/turn              (no ring)
MPRegen  0.09/turn              (no ring)

@: stab, very slightly contaminated, hasted, invisible, very quick
A: powered by pain 1
a: no special abilities


You were on level 2 of the Dungeon.
You were not hungry.

You visited 1 branch of the dungeon, and saw 3 of its levels.

You collected 76 gold pieces.

Inventory:

Hand Weapons
 a - a +2 dagger (weapon)
Missiles
 d - 3 poisoned darts (quivered)
 e - 2 curare-tipped darts
 g - 9 boomerangs
Armour
 b - a +0 robe
 c - a +0 cloak
 j - a scarf of cloud immunity (worn)
 n - a +0 ring mail (worn)
Jewellery
 s - a +3 amulet of reflection (around neck)
Scrolls
 k - a scroll of enchant armour
 o - a scroll of teleportation
 p - a scroll of identify
 r - a scroll of remove curse
Potions
 h - 2 potions of haste
Comestibles
 f - 3 rations
 m - 4 chunks of flesh


   Skills:
 - Level 2.0 Fighting
 * Level 4.3 Short Blades
 - Level 1.7 Throwing
 + Level 1.3 Armour
 - Level 0.8 Dodging
 - Level 3.6 Stealth


You had 3 spell levels left.
You didn't know any spells.
Your spell library was empty.

Dungeon Overview and Level Annotations

Branches:
Dungeon (3/15)

Altars:
Ashenzari
Zin
The Shining One

Annotations:
D:2 Grinder


Innate Abilities, Weirdness & Mutations

You sometimes gain a little power by taking damage.


Message History

It was a potion of invisibility.
You fade into invisibility!
Grinder hits you!
* * * LOW HITPOINT WARNING * * *
You are very lightly contaminated with residual magic.
You hit Grinder but do no damage.
Grinder is moderately wounded.
Grinder completely misses you.
It was a potion of stabbing.
You feel ready to backstab. Grinder hits you.
* * * LOW HITPOINT WARNING * * *
You writhe in agony.
* * * LOW HITPOINT WARNING * * *
You feel better. Grinder hits you.
* * * LOW HITPOINT WARNING * * *
You feel yourself speed up. Grinder gestures at you.
Pain shoots through your body!
You die...

....# #.#####.##.#####.#
....# #.....รท..#.......#
....# #.########.(..####
....##############.##.#
...................##.#
.#######.#.........##.# ..#
#.#.........##.###### ..#
#.#.....>5..'.......# ..#
#.#......@..##.####.#
..######.#(.(.(....##......#
.........#.........#########
##################.#
#...............#
##.##..#########.#
###..##..# ### ..#..##..#
#.#......#


You could see Grinder.

Vanquished Creatures
  4 adders
  An adder zombie (D:3)
  3 worms (D:3)
  2 dart slugs (D:1)
  A leopard gecko (D:3)
  6 orcs (D:3)
  A ball python (D:2)
  12 bats
  4 giant cockroaches
  2 goblins
  3 hobgoblins
  7 jackals (D:1)
  3 quokkas
  5 frilled lizards
  10 kobolds
  6 rats
70 creatures vanquished.

Notes
Turn   | Place    | Note
-------+----------+-------------------------------------------
     0 | D:1      | Faels the Demonspawn Assassin began the quest for the Orb.
     0 | D:1      | Reached XP level 1. HP: 16/16 MP: 1/1
    46 | D:1      | Reached skill level 2 in Short Blades
   363 | D:1      | Gained mutation: You sometimes gain a little power by
                  | taking damage. [demonic ancestry]
   363 | D:1      | Reached XP level 2. HP: 22/22 MP: 2/2
   534 | D:1      | Reached skill level 3 in Short Blades
   859 | D:1      | Reached XP level 3. HP: 8/27 MP: 3/3
  2165 | D:2      | Found a glowing golden altar of the Shining One.
  2206 | D:2      | Reached XP level 4. HP: 33/33 MP: 4/4
  2423 | D:2      | Found a glowing silver altar of Zin.
  2507 | D:3      | Noticed Grinder
  2515 | D:3      | Paralysed by Grinder for 4 turns
  2556 | D:3      | Reached skill level 1 in Armour
  2681 | D:3      | Reached skill level 4 in Short Blades
  2721 | D:3      | Found a glowing drain.
  2888 | D:3      | Found a shattered altar of Ashenzari.
  3074 | D:3      | Paralysed by Grinder for 5 turns
  3099 | D:2      | Paralysed by Grinder for 2 turns
  3127 | D:2      | HP: 1/33 [Grinder (3)]
  3129 | D:2      | Killed from afar by Grinder

Levels and vault maps discovered:
D:1:      denvon_arrival_planthouse, layout_basic
D:2:      layout_basic, zin_scriptorium, lemuel_coloured_pillars_altar
D:3:      layout_basic, ashenzari_altar_1, cheibrodos_sewer_entry_drain,
          uniq_grinder

Skill      XL: |  1  2  3  4 |
---------------+-------------+-----
Short Blades   | 2 3 4 |  4.3
Armour         | 1 |  1.3
Fighting       | |  2.0
Throwing       | |  1.7
Dodging        | |  0.8
Stealth        | |  3.6

Action                   |  1- 3 |  4- 6 || total
-------------------------+-------+-------++-------
Melee: Dagger            |   141 |   178 ||   319
Throw: Dart              |       |     5 ||     5
  Use: Potion            |     2 |     9 ||    11
       Scroll            |     1 |     4 ||     5
 Stab: Sleeping          |     5 |       ||     5
  Eat: Chunk             |     4 |     3 ||     7
Armor: Robe              |    13 |       ||    13
       Ring mail         |    23 |    88 ||   111
Dodge: Dodged            |    73 |    83 ||   156
Block: Other             |     4 |    28 ||    32
       Reflection        |       |     2 ||     2

Table legend:
 A = Non-vault XP
 B = Vault XP
 C = Vault XP percentage of total XP
 D = Non-vault monster count
 E = Vault monster count
 F = Vault count percentage of total count
                 A         B        C        D         E       F
            +---------+---------+-------+---------+---------+-------
      Total |     177 |       9 |   4.8 |      67 |       3 |   4.3
            +---------+---------+-------+---------+---------+-------
        D:1 |      53 |       0 |   0.0 |      31 |       0 |   0.0
        D:2 |      50 |       0 |   0.0 |      10 |       0 |   0.0
        D:3 |      74 |       9 |  10.8 |      26 |       3 |  10.3
            +---------+---------+-------+---------+---------+-------
